 Dungeon Crawl Stone Soup version 0.30-a0-377-g5cb311bc9f (webtiles) character file.

Game seed: 8905046640047106302

91 sanka the Slasher (level 4, -1/26 HPs)
             Began as a Deep Elf Gladiator on Nov 27, 2022.
             Slain by a gnoll
             ... wielding a +0 spear
              (3 damage)
             ... on level 3 of the Dungeon.
             The game lasted 00:04:28 (1479 turns).

sanka the Slasher (Deep Elf Gladiator)              Turns: 1479, Time: 00:04:28

Health: -1/26      AC:  9    Str: 11    XL:     4   Next: 34%
Magic:  6/6        EV: 12    Int: 13    God:
Gold:   74         SH:  0    Dex: 18    Spells: 3/3 levels left

rFire   + + .      SeeInvis .    k - +0 great sword
rCold   . . .      Faith    .    (shield currently unavailable)
rNeg    . . .      Spirit   .    h - +2 ring mail {rF+}
rPois   .          Reflect  .    c - +0 helmet
rElec   .          Harm     .    r - +0 cloak
rCorr   .          Rampage  .    (no gloves)
Will    .....                    (no boots)
Stlth   +.........               (no amulet)
HPRegen 0.24/turn                (no ring)
MPRegen 0.10/turn                m - ring of protection from fire

@: no status effects
A: no striking features
a: no special abilities


You were on level 3 of the Dungeon.
You visited 1 branch of the dungeon, and saw 3 of its levels.

You collected 74 gold pieces.


   Skills:
 - Level 2.0 Fighting
 + Level 4.3 Long Blades
 - Level 2.0 Throwing
 - Level 4.0 Dodging


You had 3 spell levels left.
You didn't know any spells.
Your spell library was empty.

Inventory:

Hand Weapons
 a - a +0 long sword
 k - a +0 great sword (weapon)
Missiles
 d - 4 throwing nets (quivered) {=f}
 e - 5 javelins
Armour
 b - a +0 leather armour
 c - a +0 helmet (worn)
 h - a +2 ring mail of fire resistance (worn)
 r - a +0 cloak (worn)
Magical Staves
 f - a staff of earth
Jewellery
 m - a ring of protection from fire (right hand)
Wands
 j - a wand of digging (3)
Scrolls
 n - a scroll of identify {unknown}
 o - a scroll of poison {unknown}
 q - a scroll of immolation {unknown}
 s - a scroll of teleportation {unknown}
 v - a scroll of summoning {unknown}
Potions
 g - 2 potions of flight {unknown}
 i - a potion of ambrosia {unknown}
 l - a potion of degeneration {unknown}
 p - a potion of attraction {unknown}
 t - 2 potions of mutation {unknown}
 u - a potion of heal wounds {unknown}

Dungeon Overview and Level Annotations

Branches:
Dungeon (3/15)

Altars:
Zin

....▒▒.......▒▒▒▒▒
....▒▒...........▒
....▒▒...........▒
....▒▒...........▒
..........[......▒
.............▒▒▒.▒
...............▒.▒
....▒.▒........▒.▒
....▒.▒.....<..▒e▒
....▒.▒........▒g▒
........▒......▒g▒
........▒▒.......▒
..................
.......▒▒▒.........
..............>.....
..▒▒▒................
..▒
▒▒................


You could see 2 gnolls.


Message History

You barely miss the gnoll. The gnoll closely misses you.
The gnoll hits you with a +0 halberd.
The gnoll hits you from afar with a +0 spear.
The gnoll hits you with a +0 halberd.
You barely miss the gnoll. The gnoll closely misses you.
The gnoll closely misses you.
You hit the gnoll.
The gnoll is lightly wounded.
The gnoll barely misses you. The gnoll closely misses you.
The gnoll barely misses you. The gnoll hits you with a +0 halberd.
You slash the gnoll!
You kill the gnoll!
The gnoll hits you from afar with a +0 spear.
* * * LOW HITPOINT WARNING * * *
The gnoll hits you with a +0 spear.
* * * LOW HITPOINT WARNING * * *
The gnoll hits you from afar with a +0 spear.
* * * LOW HITPOINT WARNING * * *
Things that are here:
a +0 halberd; a gnoll corpse You closely miss the gnoll.
The gnoll hits you with a +0 spear.
* * * LOW HITPOINT WARNING * * *
The gnoll barely misses you. The gnoll hits you with a +0 spear.
You die...

Action                   |  1- 3 |  4- 6 || total
-------------------------+-------+-------++-------
Melee: Long sword        |    60 |       ||    60
       Great sword       |    54 |    26 ||    80
Armor: Leather armour    |    12 |       ||    12
       Ring mail         |    40 |     9 ||    49
Dodge: Dodged            |    76 |    18 ||    94

Levels and vault maps discovered:
D:1:      lightli_arrival_statuegarden, layout_basic,
          dreamdust_ecumenical_altar_hidden_monk_grotto, serial_rivers,
          chequers_serial_rivers_room_b, chequers_serial_rivers_micro_d,
          chequers_serial_rivers_large_a, chequers_serial_rivers_micro_c,
          chequers_serial_rivers_micro_d, chequers_serial_rivers_micro_a
D:2:      layout_rooms, grunt_decor_clamped
D:3:      layout_basic, mainiacjoe_overflow_paths

Notes
Turn   | Place    | Note
-------+----------+-------------------------------------------
     0 | D:1      | sanka the Deep Elf Gladiator began the quest for the Orb.
     0 | D:1      | Reached XP level 1. HP: 12/12 MP: 3/3
    32 | D:1      | Reached skill level 3 in Long Blades
   258 | D:1      | Reached XP level 2. HP: 15/16 MP: 4/4
   452 | D:1      | Found a faded altar of an unknown god.
   704 | D:2      | Reached XP level 3. HP: 20/20 MP: 5/5
   806 | D:2      | Reached skill level 4 in Long Blades
   886 | D:2      | Reached skill level 2 in Fighting
   954 | D:2      | Reached skill level 4 in Dodging
  1258 | D:3      | Reached XP level 4. HP: 26/26 MP: 6/6
  1416 | D:3      | Found a glowing silver altar of Zin.
  1479 | D:3      | HP: 2/26 [gnoll/+0 spear (3)]
  1479 | D:3      | Slain by a gnoll

Vanquished Creatures
  A gnoll (D:3)
  3 adders (D:2)
  A worm (D:3)
  A dart slug (D:2)
  5 orcs
  3 ball pythons
  An endoplasm (D:3)
  2 giant cockroaches (D:2)
  3 goblins
  6 hobgoblins
  2 quokkas
  A bat (D:2)
  5 frilled lizards
  4 kobolds
  10 rats
48 creatures vanquished.
